AoeStats
← paulgabduggan

Arabia

504338186Analyzed
1v1 RM · 27d ago on Sep 4, 2026· 29m 33s· 2 players
Game mode
Random Map
Map size
Tiny (2 player)
Population
200
Speed
Normal
Resources
Standard
Victory
Conquest
Starting age
Dark Age
Ending age
Imperial Age
RankedLock teamsTeams togetherTeam positionsShared explorationLock speedFull tech treeHidden civsTurbo modeCheats
Victory
Defeat
🇺🇸 Malians · United States
1509
+13
🇲🇽 Vietnamese · Mexico
1450
-13
paulgabduggan
7:04 Loom
9:01 Feudal Age
9:53 Double-Bit Axe
13:50 Fletching
20:04 Castle Age
18:57 Gold Mining
20:13 Crossbowman
21:16 Bodkin Arrow
22:38 Ballistics
22:28 Padded Archer Armor
28:45 Bow Saw
28:41 Scale Barding Armor
SSVictorin
6:41 Loom
9:25 Feudal Age
10:40 Man-at-Arms
16:32 Double-Bit Axe
18:07 Fletching
19:43 Padded Archer Armor
24:50 Castle Age
25:46 Bodkin Arrow
25:22 Elite Skirmisher
Connection lost

Rejoining the realm…

Still unreachable

The connection could not be restored.

Session expired

The server has moved on; the page needs a fresh start.